 Dungeon Crawl Stone Soup version 0.23-a0-344-ge122d05 (webtiles) character file.

20689298 Petrovich the Middleweight Champion (level 27, 273/273 HPs)
             Began as a Ghoul Fighter on Oct 18, 2018.
             Was the Champion of Kikubaaqudgha.
             Escaped with the Orb
             ... and 15 runes on Oct 19, 2018!
             The game lasted 07:19:39 (73872 turns).

Petrovich the Middleweight Champion (GhFi)         Turns: 73872, Time: 07:19:40

Health: 273/273    AC: 55    Str: 45    XL:     27
Magic:  41/41      EV: 27    Int:  9    God:    Kikubaaqudgha [******]
Gold:   2389       SH: 23    Dex: 18    Spells: 22/56 levels left

rFire    + + +     SeeInvis +     - Unarmed
rCold    + + +     Gourm    .   z - +2 shield of Resistance {rF+ rC+ MR+}
rNeg     + + +     Faith    .   Z - +12 gold dragon scales
rPois    ∞         Spirit   .   L - +2 helmet {SInv}
rElec    +         Reflect  +   V - scarf {repulsion}
rCorr    .         Harm     .   P - +2 pair of gloves
MR       +++..                  w - +0 pair of boots of Goemux {Str+5 Int+4 Dex+3}
Stlth    ..........             h - amulet "Boqez" {Reflect rElec Str+3 SH+4 SInv}
HPRegen  0.55/turn              x - +6 ring of protection
MPRegen  0.27/turn              a - ring of Bodily Harmony {*Corrode rF+ Str+8 Dex+5 Stlth-}

@: rotting, repel missiles
A: rotting body, claws 1, carnivore, cold resistance 1, negative energy
resistance 3, inhibited regeneration, torment resistance, unbreathing
0: Orb of Zot
}: 15/15 runes: serpentine, barnacled, slimy, silver, golden, iron, obsidian,
icy, bone, abyssal, demonic, glowing, magical, fiery, dark
a: Receive Corpses, Torment, Renounce Religion


You escaped.
You worshipped Kikubaaqudgha.
Kikubaaqudgha was exalted by your worship.
You were not hungry.

You visited 18 branches of the dungeon, and saw 90 of its levels.
You visited Pandemonium 1 time, and saw 13 of its levels.
You visited the Abyss 3 times.
You also visited: Labyrinth, Bailey, Ice Cave and Desolation.

You collected 8470 gold pieces.
You spent 6081 gold pieces at shops.

Inventory:

Missiles
 f - 17 javelins of penetration (quivered)
 G - 14 throwing nets
Armour
 d - the +8 orange crystal plate armour {Archmagi, Int+3 Clar}
   (You found it on level 3 of the Crypt)

   It affects your intelligence (+3).
   It protects you against confusion.
 w - the +0 pair of boots of Goemux (worn) {Str+5 Int+4 Dex+3}
   (You found it on level 7 of Tartarus)

   It affects your strength (+5).
   It affects your intelligence (+4).
   It affects your dexterity (+3).
 z - the +2 shield of Resistance (worn) {rF+ rC+ MR+}
   (You found it on level 2 of the Vaults)

   It protects you from fire.
   It protects you from cold.
   It affects your resistance to hostile enchantments.
 L - a +2 helmet of see invisible (worn)
 P - a +2 pair of gloves (worn)
 V - a scarf of repulsion (worn)
 Z - +12 gold dragon scales (worn)
Jewellery
 a - the ring of Bodily Harmony (right hand) {*Corrode rF+ Str+8 Dex+5 Stlth-}
   (You bought it in a shop on level 4 of the Snake Pit)

   [ring of protection from fire]

   It affects your strength (+8).
   It affects your dexterity (+5).
   It protects you from fire.
   It may corrode you when you take damage.
   It makes you less stealthy.
 h - the amulet "Boqez" (around neck) {Reflect rElec Str+3 SH+4 SInv}
   (You bought it in a shop on level 4 of the Snake Pit)

   [amulet of reflection]

   It shields you and reflects attacks.
   It affects your strength (+3).
   It insulates you from electricity.
   It lets you see invisible.
   It affects your SH (+4).
 p - the ring of Ushruf {rCorr rF- Int+7}
   (You found it on level 7 of Tartarus)

   [ring of resist corrosion]

   It affects your intelligence (+7).
   It makes you vulnerable to fire.
 v - the ring "Xerchy Deax" {MR+ Str+3}
   (You found it on level 7 of the Iron City of Dis)

   [ring of protection from magic]

   It affects your strength (+3).
   It affects your resistance to hostile enchantments.
 x - a +6 ring of protection (left hand)
Wands
 c - a wand of paralysis (64)
 k - a wand of scattershot (6)
 y - a wand of iceblast (19)
 B - a wand of digging (60)
 J - a wand of clouds (26)
 W - a wand of acid (45)
Scrolls
 b - 14 scrolls of blinking
 i - 4 scrolls of identify
 q - 5 scrolls of acquirement
 r - 3 scrolls of enchant armour
 H - 11 scrolls of immolation {!r}
 M - 3 scrolls of magic mapping
 O - 4 scrolls of fog
 Q - a scroll of summoning
 R - 31 scrolls of remove curse
 T - 39 scrolls of teleportation
Potions
 j - 22 potions of heal wounds
 m - 3 potions of magic
 o - 5 potions of ambrosia
 s - 10 potions of resistance
 t - 2 potions of cancellation
 u - 8 potions of flight
 A - 3 potions of haste
 C - 39 potions of curing
 D - 9 potions of agility
 I - 12 potions of brilliance
 S - 2 potions of might
 X - 3 potions of invisibility
Miscellaneous
 e - 8 phantom mirrors
 g - a figurine of a ziggurat
 l - a phial of floods
 n - a lamp of fire
 E - 10 boxes of beasts
 K - 6 sacks of spiders
 Y - a lightning rod (4/4)
Comestibles
 N - 134 rations


   Skills:
 O Level 27 Fighting
 - Level 15.0 Throwing
 O Level 27 Armour
 + Level 25.1 Dodging
 - Level 15.0 Shields
 O Level 27 Unarmed Combat
 - Level 15.0 Spellcasting
 - Level 10.0 Charms
 - Level 16.1 Necromancy
 - Level 14.0 Translocations
 - Level 15.1 Ice Magic
 - Level 17.0 Earth Magic
 - Level 7.0 Evocations


You had 22 spell levels left.
You knew the following spells:

 Your Spells              Type           Power        Failure   Level  Hunger
a - Apportation           Tloc           ####..       1%          1    None
b - Simulacrum            Ice/Necr       ####......   7%          6    ######.
c - Lesser Beckoning      Tloc           ####......   1%          3    #......
h - Regeneration          Chrm/Necr      ####......   1%          3    #......
n - Animate Skeleton      Necr           N/A          1%          1    None
p - Passage of Golubria   Tloc           N/A          1%          4    ###....
w - Passwall              Tmut/Erth      ###.....     1%          2    None
z - Borgnjor's Vile Clut  Necr/Erth      #####.....   1%          5    #####..
B - Blink                 Tloc           N/A          1%          2    None
S - Song of Slaying       Chrm           ###.....     1%          2    None
U - Summon Butterflies    Summ           #.......     26%         1    None
Z - Animate Dead          Necr           N/A          1%          4    ###....

Your spell library contained the following spells:

 Spells                   Type           Power        Failure   Level  Hunger
 Freeze                   Ice            ####         1%          1    None
 Infusion                 Chrm           ###.         1%          1    None
 Pain                     Necr           ####         1%          1    None
 Sandblast                Erth           #####.       1%          1    None
 Corpse Rot               Necr           N/A          1%          2    None
 Ensorcelled Hibernation  Hex/Ice        ###...       1%          2    None
 Shroud of Golubria       Chrm/Tloc      ####......   1%          2    None
 Throw Frost              Conj/Ice       ###...       1%          2    None
 Gell's Gravitas          Tloc           ####......   1%          3    #......
 Ozocubu's Armour         Chrm/Ice       ####....     1%          3    #......
 Teleport Other           Tloc           ####....     1%          3    #......
 Vampiric Draining        Necr           #####.....   1%          3    #......
 Agony                    Necr           #####...     1%          5    #####..
 Dispel Undead            Necr           #####...     1%          5    #####..
 Lee's Rapid Deconstruct  Erth           #####.....   1%          5    #####..
 Stone Arrow              Conj/Erth      ###...       2%          3    #......
 Excruciating Wounds      Chrm/Necr      ####......   3%          5    #####..
 Portal Projectile        Hex/Tloc       ###...       4%          3    #......
 Recall                   Summ/Tloc      N/A          4%          3    #......
 Swiftness                Chrm/Air       ###.....     5%          2    None
 Death Channel            Necr           #####.....   5%          6    ######.
 Leda's Liquefaction      Hex/Erth       ###.......   9%          4    ###....
 Petrify                  Tmut/Erth      ###.....     9%          4    ###....
 Ozocubu's Refrigeration  Ice            ####......   9%          6    ######.
 Spectral Weapon          Hex/Chrm       ###.....     11%         3    #......
 Summon Ice Beast         Ice/Summ       ###.....     12%         4    ###....
 Throw Icicle             Conj/Ice       ###.....     12%         4    ###....
 Force Lance              Conj/Tloc      ###.....     16%         4    ###....
 Confusing Touch          Hex            #.....       26%         1    None
 Corona                   Hex            #......      26%         1    None
 Flame Tongue             Conj/Fire      #....        26%         1    None
 Magic Dart               Conj           #...         26%         1    None
 Sting                    Conj/Pois      #...         26%         1    None
 Summon Small Mammal      Summ           #...         26%         1    None
 Bolt of Draining         Conj/Necr      ###.......   28%         5    #####..
 Metabolic Englaciation   Hex/Ice        ###.......   34%         5    #####..
 Call Imp                 Summ           #.......     38%         2    None
 Poisonous Vapours        Pois/Air       #.....       38%         2    None
 Searing Ray              Conj           #.....       38%         2    None
 Slow                     Hex            #.......     38%         2    None
 Sticks to Snakes         Tmut           #.......     38%         2    None
 Throw Flame              Conj/Fire      #.....       38%         2    None
 Summon Forest            Summ/Tloc      ###.......   38%         5    #####..
 Bolt of Magma            Conj/Fire/Erth ###.......   58%         5    #####..
 Call Canine Familiar     Summ           #.......     63%         3    #......
 Confuse                  Hex            #.......     63%         3    #......
 Conjure Flame            Conj/Fire      #.......     63%         3    #......
 Dazzling Spray           Conj/Hex       #.....       63%         3    #......
 Ignite Poison            Fire/Tmut/Pois #.......     63%         3    #......
 Inner Flame              Hex/Fire       #.......     63%         3    #......
 Mephitic Cloud           Conj/Pois/Air  #.......     63%         3    #......
 Summon Guardian Golem    Hex/Summ       #.......     63%         3    #......
 Tukima's Dance           Hex            #.......     63%         3    #......
 Iskenderun's Battlesphe  Conj/Chrm      ###.....     67%         5    #####..
 Iron Shot                Conj/Erth      ###.......   77%         6    ######.
 Bolt of Cold             Conj/Ice       ###.......   88%         6    ######.
 Infestation              Necr           #####.....   94%         8    #######
 Cause Fear               Hex            #.........   95%         4    ###....
 Olgreb's Toxic Radiance  Pois           #.......     95%         4    ###....
 Summon Lightning Spire   Summ/Air       #.......     95%         4    ###....
 Deflect Missiles         Chrm/Air       ###.......   99%         6    ######.
 Freezing Cloud           Conj/Ice/Air   ###.......   99%         6    ######.
 Controlled Blink         Tloc           N/A          99%         8    #######
 Disjunction              Tloc           ####......   99%         8    #######
 Alistair's Intoxication  Tmut/Pois      #.......     100%        5    #####..
 Fireball                 Conj/Fire      #.........   100%        5    #####..
 Irradiate                Conj/Tmut      #.........   100%        5    #####..
 Lightning Bolt           Conj/Air       #.........   100%        5    #####..
 Silence                  Hex/Air        #.........   100%        5    #####..
 Summon Mana Viper        Hex/Summ       #.......     100%        5    #####..
 Venom Bolt               Conj/Pois      #.........   100%        5    #####..
 Yara's Violent Unravell  Hex/Tmut       #.........   100%        5    #####..
 Bolt of Fire             Conj/Fire      #.........   100%        6    ######.
 Conjure Ball Lightning   Conj/Air       #.........   100%        6    ######.
 Darkness                 Hex            #.........   100%        6    ######.
 Invisibility             Hex            #.......     100%        6    ######.
 Poison Arrow             Conj/Pois      #.........   100%        6    ######.
 Shadow Creatures         Summ           N/A          100%        6    ######.
 Haunt                    Necr/Summ      ###.......   100%        7    #######
 Malign Gateway           Summ/Tloc      ###.......   100%        7    #######
 Monstrous Menagerie      Summ           #.........   100%        7    #######
 Orb of Destruction       Conj           #.........   100%        7    #######
 Ring of Flames           Chrm/Fire      ###.......   100%        7    #######
 Spellforged Servitor     Conj/Summ      #.........   100%        7    #######
 Summon Greater Demon     Summ           #.........   100%        7    #######
 Summon Hydra             Summ           #.........   100%        7    #######
 Chain Lightning          Conj/Air       #.........   100%        8    #######
 Discord                  Hex            #.........   100%        8    #######
 Ignition                 Fire           #.........   100%        8    #######
 Lehudib's Crystal Spear  Conj/Erth      ###.......   100%        8    #######
 Summon Horrible Things   Summ           #.........   100%        8    #######
 Dragon's Call            Summ           #.........   100%        9    #######
 Fire Storm               Conj/Fire      #.........   100%        9    #######
 Glaciate                 Conj/Ice       ###.......   100%        9    #######
 Shatter                  Erth           #####.....   100%        9    #######
 Tornado                  Air            #.........   100%        9    #######
 Sublimation of Blood     Necr           Unusable     N/A         2    N/A
 Ice Form                 Ice/Tmut       Unusable     N/A         4    N/A
 Beastly Appendage        Tmut           Unusable     N/A         1    N/A
 Spider Form              Tmut/Pois      Unusable     N/A         3    N/A
 Statue Form              Tmut/Erth      Unusable     N/A         6    N/A
 Borgnjor's Revivificati  Necr           Unusable     N/A         8    N/A
 Blade Hands              Tmut           Unusable     N/A         5    N/A
 Hydra Form               Tmut           Unusable     N/A         6    N/A
 Dragon Form              Tmut           Unusable     N/A         7    N/A
 Death's Door             Chrm/Necr      Unusable     N/A         8    N/A
 Necromutation            Tmut/Necr      Unusable     N/A         8    N/A

Dungeon Overview and Level Annotations

Branches:
Dungeon (15/15)            Temple (1/1) D:6            Lair (6/6) D:10
 Shoals (4/4) Lair:2        Snake (4/4) Lair:3        Slime (5/5) Lair:6
    Orc (2/2) D:11            Elf (3/3) Orc:2        Vaults (5/5) D:14
  Crypt (3/3) Vaults:3       Tomb (3/3) Crypt:3      Depths (5/5) D:15
   Hell (1/1)                 Dis (7/7) Hell            Geh (7/7) Hell
    Coc (7/7) Hell            Tar (7/7) Hell            Zot (5/5) Depths:5

Altars:
Ashenzari
Dithmenos
Elyvilon
Fedhas
Gozag
Hepliaklqana
Kikubaaqudgha
Makhleb
Nemelex Xobeh
Okawaru
Qazlal
Ru
Sif Muna
Uskayaw
Vehumet
Wu Jian
Xom
Yredelemnul
Zin
The Shining One
Jiyva

Shops:
D:4 !   D:8 *   Orc:1 =   Orc:2 [?*:   Shoals:2 ?   Snake:4 ==   Depths:1 =
Depths:5 ?[*

Portals:
Hell: Depths:1 Depths:2 Depths:3 Depths:4 Depths:5
Abyss: Depths:1 Depths:3 Depths:4
Pandemonium: Depths:3 Depths:4
Ziggurat: Depths:1

Annotations:
D:6 exclusions: electric eel and 7 more exclusions
D:7 exclusion: oklob plant


Innate Abilities, Weirdness & Mutations

Your body is rotting away.
You thrive on raw meat.
You are immune to poison.
You have sharp fingernails.
You are carnivorous and can eat meat at any time.
Your flesh is cold resistant. (rC+)
You are immune to negative energy. (rN+++)
You do not regenerate when monsters are visible.
You are immune to unholy pain and torment.
You can survive without breathing.


Message History

There is a stone staircase leading up here.
You climb upwards.
There is a stone staircase leading down here.
Evoke which item? (* to show all) (? for menu, Esc to quit)
Aiming: Dig
Press: ? - help, Shift-Dir - straight line, f - you Please select a direction to dig.
This square is covered in magical glow.
The rock shatters into small pieces.
Evoke which item? (* to show all) (? for menu, Esc to quit)
Aiming: Dig
Press: ? - help, Shift-Dir - straight line, f - you Please select a direction to dig.
This square is covered in magical glow.
The rock shatters into small pieces.
There is a stone staircase leading up here.
You climb upwards.
There is a stone staircase leading down here.
There is a staircase leading out of the dungeon here.
You have escaped!

...+.....###..#........######.#
...####....................##.##
.....##.........##.........##..#
#.....#.........##.........###.#
.........##............##......#
###......##............##......#
# #............................#
# #............................#
# #...##........@.........##...#
# #...##.........>........##...#
###............................#
.##............................#
###......##............##......#
#......##............##......#
#.............##.........###.##
####..........##.........#.....
#.....................#.#.##


There were no monsters in sight!

Vanquished Creatures
  Antaeus (Coc:7)
  Asmodeus (Geh:7)
  the Royal Jelly (Slime:5)
  Gloorx Vloq (Pan)
  the Serpent of Hell (Geh:7)
  3 pandemonium lords
  A seraph (Pan)
  Mnoleg (Pan)
  Dispater (Dis:7)
  10 orbs of fire (Zot:5)
  Mara (Tomb:3)
  9 ancient liches
  A juggernaut (Depths:4)
  23 greater mummies
  6 shard shrikes
  Margery (Vaults:4)
  2 Killer Klowns (Zot:5)
  Saint Roka (Orc:2)
  Vashnia (Snake:4)
  A caustic shrike (Depths:4)
  Geryon (Hell)
  15 golden dragons
  4 bone dragons
  Jory (Tomb:3)
  2 pearl dragons (Pan)
  10 Tzitzimimeh (Tar:7)
  19 Brimstone Fiends
  The ghost of feelmyfire the Fencer, an adept DsSk of Gozag (Elf:3)
  4 doom hounds
  5 iron giants (Dis:7)
  2 hellephants
  13 liches
  3 electric golems
  23 tentacled monstrosities
  23 Orb Guardians
  18 Ice Fiends
  Asterion (Depths:1)
  The ghost of Wakhat the Tortoise, an adept MiFi of the Shining One (Vaults:4)
  A deep elf master archer (Elf:3)
  3 deep elf blademasters
  11 Hell Sentinels (Dis:7)
  15 quicksilver dragons
  12 Executioners (Pan)
  Polyphemus (Shoals:4)
  28 acid blobs
  2 krakens (Shoals:3)
  6 titans
  15 ancient champions
  11 sphinxes
  7 tentacled starspawn
  Kirke (D:12)
  10 death cobs
  11 tengu reavers
  2 revenants
  18 shadow dragons
  Roxanne (Snake:4)
  6 nagarajas (Snake:4)
  12 draconian monks
  12 daevas (Pan)
  Ilsuiw (Shoals:3)
  5 azure jellies
  19 storm dragons
  The ghost of epen the Covert, an adept GnAs of Nemelex Xobeh (Snake:2)
  19 frost giants
  3 ghost moths
  10 deep elf sorcerers
  An orc warlord (Vaults:1)
  6 draconian knights
  17 vault wardens
  2 curse skulls (Pan)
  Louise (Elf:1)
  16 fire giants
  26 balrugs
  13 iron dragons
  5 imperial myrmidons (Desolation)
  7 draconian scorchers
  5 corrupters (Pan)
  14 cacodemons
  8 draconian shifters
  4 warmongers (Pan)
  18 angels (Pan)
  4 draconian stormcallers
  13 ironheart preservers
  4 elemental wellsprings
  6 deep elf elementalists
  13 draconian annihilators
  10 ghouls (Tar:7)
  59 reapers
  A spriggan defender (Depths:4)
  26 very ugly things
  A blood saint (Pan)
  14 bennus
  7 vampire knights
  13 war gargoyles
  13 stone giants
  9 ophanim (Pan)
  4 entropy weavers
  17 black draconians
  19 green draconians
  23 apis (Pan)
  15 deep elf annihilators
  4 lorocyprocas
  8 white draconians
  9 deep elf demonologists
  17 red draconians
  9 yellow draconians
  A minotaur (Lab)
  28 purple draconians
  4 spark wasps (Depths:5)
  13 ettins
  9 blizzard demons
  5 merfolk javelineers
  An eidolon (Crypt:2)
  2 halazid warlocks (Desolation)
  13 fire dragons
  13 merfolk impalers
  8 deep elf death magi
  24 mummy priests
  Josephine (D:10)
  4 green deaths
  3 deep elf high priests
  6 ragged hierophants
  A fire dragon (shapeshifter) (Depths:4)
  A kraken zombie (Coc:7)
  14 ogre magi
  12 death oozes
  7 quicksilver dragon zombies
  Harold (D:7)
  11 great orbs of eyes
  30 vault guards
  9 jiangshi
  9 servants of whispers (Desolation)
  9 quicksilver dragon skeletons
  22 naga warriors
  17 yaktaur captains
  A catoblepas (Shoals:4)
  4 monstrous demonspawn (Pan)
  7 peacekeepers (Desolation)
  A ghost crab (Tar:1)
  4 rakshasas
  7 hydras
  5 merfolk aquamancers
  5 anacondas
  2 hell beasts
  An alligator snapping turtle (shapeshifter) (Vaults:5)
  20 ice dragons
  A satyr (shapeshifter) (Depths:1)
  14 centaur warriors
  5 merfolk avatars
  4 spriggan air magi
  8 death yaks
  2 alligator snapping turtles
  5 death knights
  A two-headed ogre (shapeshifter) (Vaults:2)
  16 deep troll shamans
  42 two-headed ogres
  2 satyrs
  28 dancing weapons
  46 death scarabs
  5 titan zombies
  15 deep troll earth magi
  9 vampire magi
  8 tengu warriors
  36 hell hogs
  14 thrashing horrors
  2 shock serpents (Snake:4)
  15 naga sharpshooters
  Urug (Lair:2)
  2 orc high priests
  Nergalle (Lair:4)
  2 spriggan berserkers (Depths:5)
  44 sun demons
  3 titan skeletons
  27 deep elf knights
  18 iron golems
  9 shadow wraiths
  10 soul eaters
  3 storm dragon zombies
  52 hell knights
  13 sixfirhies
  101 skeletal warriors
  4 ghost moth zombies
  3 storm dragon skeletons
  4 salamander mystics
  2 quicksilver dragon simulacra
  6 golden dragon zombies
  A kraken simulacrum (Hell)
  33 deep trolls
  26 iron trolls
  10 shadow demons
  2 spatial maelstroms (Abyss:3)
  6 wretched stars
  15 unseen horrors
  13 flayed ghosts
  13 sea snakes
  5 infernal demonspawn (Pan)
  3 torturous demonspawn (Pan)
  12 cherubim (Pan)
  A swamp dragon (shapeshifter) (Vaults:4)
  8 anaconda zombies
  16 ironbrand convokers
  10 wizards
  7 naga ritualists
  22 deep elf archers
  A golden dragon skeleton (Geh:3)
  4 shadow dragon zombies
  14 harpies
  6 shadow dragon skeletons
  A lindwurm (Lair:6)
  7 glowing orange brains
  8 anaconda skeletons
  7 wolf spider zombies
  11 phantasmal warriors
  4 wolf spiders
  18 necromancers
  11 mana vipers
  41 ugly things
  8 oklob plants
  66 deep elf magi
  An orb spider (shapeshifter) (Vaults:3)
  7 orc sorcerers
  16 orc knights
  3 fire giant zombies
  10 cyclopes
  8 shining eyes
  7 manticores
  25 fauns
  8 stone giant zombies
  6 elephants
  7 frost giant zombies
  A worldbinder (Abyss:5)
  6 iron dragon skeletons
  24 moths of wrath
  5 stone giant skeletons
  A manticore (shapeshifter) (Depths:5)
  21 salamanders
  Maurice (D:9)
  5 fire giant skeletons
  9 frost giant skeletons
  2 guardian serpents
  36 black mambas
  19 naga magi
  5 shock serpent zombies
  4 ice statues
  9 merfolk sirens
  9 vault sentinels
  42 rust devils
  7 water nymphs
  A black mamba (shapeshifter) (Abyss:3)
  An apocalypse crab (Abyss:3)
  2 human zombies
  10 molten gargoyles (Geh:7)
  8 spiny frogs
  41 smoke demons
  10 orange demons (Pan)
  5 torpor snails (Lair:6)
  6 eyes of devastation
  5 shock serpent skeletons
  3 dire elephant zombies
  2 gargoyles (D:12)
  A spiny frog (shapeshifter) (Depths:4)
  3 dire elephant skeletons
  4 komodo dragons
  A storm dragon simulacrum (Coc:1)
  20 hellions
  3 centaur skeletons
  A kobold demonologist (D:15)
  4 emperor scorpion zombies
  An anaconda simulacrum (Hell)
  19 tormentors
  A black draconian zombie (Crypt:1)
  29 starcursed masses
  31 ice devils
  2 rime drakes
  31 yaktaurs
  10 demonic crawlers
  10 efreet
  A rime drake (shapeshifter) (Vaults:3)
  29 freezing wraiths
  21 hellwings
  4 ancient zymes (Abyss:3)
  38 guardian mummies
  A grey draconian skeleton (Crypt:3)
  32 red devils
  7 tengu conjurers
  A silent spectre (Tar:1)
  7 hydra zombies
  A green draconian skeleton (Crypt:1)
  A meliai (shapeshifter) (Vaults:3)
  14 trolls
  3 harpy zombies
  3 jumping spiders (Vaults:4)
  A queen bee (Depths:4)
  3 meliai (D:15)
  5 harpy skeletons
  34 merfolk
  4 tyrant leeches (Lair:6)
  4 trolls (shapeshifter)
  2 wind drakes (Shoals:4)
  12 hornets
  2 alligator zombies
  4 ettin zombies
  5 hippogriffs
  12 hydra skeletons
  Prince Ribbit (D:5)
  A raiju (Abyss:5)
  13 dream sheep
  A human simulacrum (Vaults:3)
  8 ice dragon zombies
  A meliai zombie (D:14)
  12 snapping turtles
  61 saltlings
  124 slime creatures
  7 fire dragon zombies
  19 blink frogs
  A guardian serpent skeleton (Crypt:1)
  2 ice dragon skeletons
  42 large abominations
  46 shadows
  2 air elementals
  A spriggan (shapeshifter) (Vaults:2)
  Sigmund (D:5)
  A tarantella (Vaults:4)
  33 water elementals
  12 ynoxinuls
  114 flying skulls
  5 redbacks (Vaults:4)
  4 hogs (D:12)
  A vampire (D:15)
  A tarantella (shapeshifter) (Vaults:1)
  4 basilisks
  2 fire bats (Pan)
  22 wraiths
  15 humans
  3 fire dragon skeletons
  76 yaks
  2 black mamba skeletons
  A wyvern (D:12)
  6 ushabtiu
  Grum (D:11)
  8 golden eyes
  6 hungry ghosts
  20 fire elementals
  11 chaos spawn
  15 neqoxecs
  Menkaure (D:7)
  A spatial vortex (Geh:7)
  A glowing shapeshifter zombie (Crypt:3)
  A vampire mosquito (D:12)
  A yaktaur simulacrum (Vaults:3)
  Edmund (D:5)
  3 ogre zombies
  A naga (shapeshifter) (Depths:4)
  59 nagas
  A soldier ant (D:11)
  A soldier ant (shapeshifter) (Vaults:2)
  A water moccasin (shapeshifter) (Vaults:3)
  9 wargs
  63 hell hounds
  2 acid dragons
  2 hydra simulacra
  12 water moccasins
  11 spiny frog zombies
  A merfolk skeleton (Geh:2)
  A manticore zombie (Geh:1)
  A floating eye (Pan)
  2 hornet zombies
  4 porcupines
  A torturous demonspawn skeleton (Crypt:1)
  Duvessa (D:7)
  13 ice beasts
  9 eyes of draining
  53 orc warriors
  8 phantoms
  A black bear (D:12)
  11 necrophages
  An eye of draining (shapeshifter) (Vaults:3)
  55 ogres
  4 spiny frog skeletons
  A sky beast (D:12)
  4 snapping turtle zombies
  A swamp dragon zombie (Dis:3)
  25 small abominations
  9 wolves
  10 boggarts
  13 centaurs
  2 manticore skeletons (Coc:2)
  5 snapping turtle skeletons
  16 crocodiles
  4 swamp dragon skeletons
  2 big kobolds
  A hippogriff zombie (Crypt:3)
  13 bullfrogs
  A merfolk simulacrum (Crypt:1)
  3 earth elementals
  A spiny frog simulacrum (Coc:7)
  Dowan (D:7)
  A wyvern zombie (D:12)
  6 scorpions
  25 killer bees
  28 wights
  3 electric eels
  A howler monkey (D:6)
  3 vampire bats (D:14)
  13 crimson imps
  A bullfrog zombie (D:13)
  5 quasits
  5 centaur zombies
  A bullfrog skeleton (D:4)
  4 hounds
  4 jellies
  33 orc wizards
  27 orc priests
  45 iron imps
  6 iguanas
  A human skeleton (Crypt:1)
  6 worker ants
  A tengu zombie (Geh:6)
  2 naga skeletons
  An acid dragon zombie (Crypt:2)
  A naga zombie (Crypt:3)
  2 ogre skeletons
  A tengu skeleton (Tar:7)
  2 hound zombies
  A hound skeleton (D:8)
  34 mummies
  2 worker ant zombies (D:6)
  9 adders
  11 shadow imps
  11 white imps
  13 ufetubi
  2 oozes
  2 adder zombies
  3 worms
  2 dart slugs
  7 leopard geckos
  129 orcs
  8 giant cockroaches
  10 goblins
  7 hobgoblins
  20 jackals
  8 quokkas
  3 ball pythons
  12 bats
  5 frilled lizards
  A hobgoblin skeleton (Crypt:2)
  A jackal skeleton (Crypt:1)
  17 kobolds
  A quokka skeleton (D:8)
  A quokka zombie (D:12)
  7 rats
  2 lurking horrors
  8 plants
  4 starspawn tentacles (Abyss:3)
  12 tentacles
4801 creatures vanquished.

Vanquished Creatures (collateral kills)
  Ereshkigal (Tar:7)
  2 Tzitzimimeh (Tar:7)
  A Brimstone Fiend (Geh:7)
  A Hell Sentinel (Dis:7)
  4 Orb Guardians (Zot:5)
  An Ice Fiend (Coc:7)
  A quicksilver dragon (Dis:4)
  A daeva (Pan)
  A balrug (Geh:7)
  3 angels (Pan)
  A draconian annihilator (Zot:3)
  An ophan (Pan)
  A blizzard demon (Coc:7)
  An ice dragon (Coc:7)
  A hell hog (Geh:6)
  A hell knight (Geh:4)
  A sun demon (Geh:3)
  A titan skeleton (Coc:2)
  An iron troll (Dis:7)
  A skeletal warrior (Dis:7)
  A shadow demon (Tar:7)
  2 anaconda zombies
  A moth of wrath (Zot:2)
  3 rust devils (Dis:7)
  An orange demon (Pan)
  3 ice devils
  An efreet (Geh:7)
  3 red devils
  A tormentor (Dis:7)
  2 guardian mummies (Tomb:1)
  3 hydra zombies (Coc:7)
  A slime creature (Slime:4)
  A black mamba zombie (Crypt:1)
  2 fire dragon skeletons (Geh:7)
  A ynoxinul (Pan)
  A shadow (Tar:7)
  A flying skull (Geh:3)
  A water elemental (Coc:7)
  A chaos spawn (Pan)
  A spiny frog zombie (Coc:7)
  4 hell hounds
  A necrophage (Tar:7)
  3 iron imps (Dis:7)
  4 white imps
69 creatures vanquished.

Vanquished Creatures (others)
  Cerebov (Pan)
  A deep elf master archer (Elf:3)
  4 eldritch tentacles
  A storm dragon (Zot:4)
  A draconian scorcher (Zot:4)
  A draconian knight (Zot:4)
  2 bennus (Tomb:2)
  2 stone giants (Depths:3)
  An elemental wellspring (Coc:7)
  A deep elf annihilator (Pan)
  A deep elf death mage (Crypt:1)
  4 merfolk javelineers
  2 yaktaur captains
  3 rakshasas (Pan)
  An ogre mage (Depths:2)
  9 death scarabs (Tomb:3)
  A hell hog (Geh:7)
  3 skeletal warriors
  2 sixfirhies
  A glowing orange brain (Pan)
  3 deep elf archers
  An anaconda skeleton (Coc:5)
  A necromancer (D:14)
  2 fauns
  3 cyclopes
  A fire giant skeleton (Geh:7)
  A naga mage (Snake:4)
  2 smoke demons (Pan)
  2 yaktaurs
  10 flying skulls
  A water elemental (Elf:3)
  A wraith (Geh:7)
  A chaos spawn (D:14)
  A golden eye (Pan)
  A hell hound (Geh:7)
  A snapping turtle zombie (Tomb:3)
  2 ogres
  5 centaurs
  3 wights
  A centaur zombie (Geh:2)
  An iron imp (Dis:7)
  A white imp (IceCv)
  2 ufetubi (IceCv)
  3 ball lightnings (Pan)
  An orc (Vaults:2)
  A kobold (D:14)
  An orc zombie (Geh:6)
  A bush (Abyss:1)
  A demonic plant (Abyss:3)
  2 fire vortices
  2 fungi
  A lurking horror (Abyss:5)
  39 plants
  19 starspawn tentacles
  23 tentacles
183 creatures vanquished.

Grand Total: 5053 creatures vanquished

Notes
Turn   | Place    | Note
-------+----------+-------------------------------------------
     0 | D:1      | Petrovich the Ghoul Fighter began the quest for the Orb.
     0 | D:1      | Reached XP level 1. HP: 19/19 MP: 0/0
   247 | D:1      | Reached XP level 2. HP: 24/25 MP: 1/1
   634 | D:2      | Found a stormy altar of Qazlal.
   642 | D:2      | Reached XP level 3. HP: 31/31 MP: 2/2
   965 | D:2      | Found a burning altar of Makhleb.
   975 | D:2      | Reached XP level 4. HP: 35/40 MP: 3/3
  1442 | D:3      | Found a hazy altar of Hepliaklqana.
  1499 | D:3      | Reached XP level 5. HP: 46/46 MP: 4/4
  2095 | D:4      | Noticed an ogre
  2101 | D:4      | Killed an ogre
  2101 | D:4      | Reached XP level 6. HP: 50/53 MP: 5/5
  2143 | D:4      | Found Jifed's Distillery.
  2146 | D:4      | Bought a potion of heal wounds for 65 gold pieces
  2146 | D:4      | Bought a potion of curing for 39 gold pieces
  2146 | D:4      | Bought a potion of flight for 39 gold pieces
  2146 | D:4      | Bought a potion of agility for 52 gold pieces
  2157 | D:4      | Found a shattered altar of Ashenzari.
  2174 | D:4      | Reached skill level 5 in Unarmed Combat
  2259 | D:4      | Got a transparent long sword
  2308 | D:4      | Reached XP level 7. HP: 56/60 MP: 6/6
  2596 | D:5      | Entered Level 5 of the Dungeon
  2597 | D:5      | Found a shimmering altar of Xom.
  2597 | D:5      | Found a shimmering altar of Xom.
  2598 | D:5      | Found a shimmering altar of Xom.
  2608 | D:5      | Reached skill level 5 in Fighting
  2653 | D:5      | Found a shimmering altar of Xom.
  2653 | D:5      | Found a shimmering altar of Xom.
  2654 | D:5      | Found a shimmering altar of Xom.
  2655 | D:5      | Found a shimmering altar of Xom.
  2665 | D:5      | You fall through a shaft!
  2927 | D:6      | Reached XP level 8. HP: 59/69 MP: 7/7
  3099 | D:6      | Reached skill level 5 in Armour
  3116 | D:6      | Found a basalt altar of Yredelemnul.
  3124 | D:6      | Found a sparkling altar of Nemelex Xobeh.
  3125 | D:6      | Found a radiant altar of Vehumet.
  3385 | D:6      | Found an ornate altar of the Wu Jian Council.
  3432 | D:6      | Reached XP level 9. HP: 77/78 MP: 8/8
  3675 | D:6      | Got a distressingly furry ring mail
  3743 | D:6      | Found a shattered altar of Ashenzari.
  3811 | D:6      | Found a staircase to the Ecumenical Temple.
  3818 | Temple   | Entered the Ecumenical Temple
  3851 | Temple   | Became a worshipper of Kikubaaqudgha
  4238 | D:5      | Noticed Edmund
  4238 | D:5      | Noticed Sigmund
  4253 | D:5      | Killed Edmund
  4267 | D:5      | You are confused.
  4276 | D:5      | Killed Sigmund
  4772 | D:5      | Noticed Prince Ribbit
  4790 | D:5      | Reached * piety under Kikubaaqudgha
  4790 | D:5      | Identified Kikubaaqudgha's Almanac of Evil (Kikubaaqudgha
                  | gifted it to you on level 5 of the Dungeon)
  4790 | D:5      | Received a gift from Kikubaaqudgha
  4817 | D:5      | Killed Prince Ribbit
  4817 | D:5      | Reached skill level 10 in Unarmed Combat
  5183 | D:7      | Reached skill level 1 in Necromancy
  5430 | D:7      | Noticed Harold
  5443 | D:7      | Killed Harold
  5443 | D:7      | Reached XP level 10. HP: 20/85 MP: 9/9
  5656 | D:7      | Noticed Duvessa
  5656 | D:7      | Noticed Dowan
  5667 | D:7      | Killed Duvessa
  5668 | D:7      | Killed Dowan
  5713 | D:7      | Found a basalt altar of Yredelemnul.
  5715 | D:7      | Noticed an oklob plant
  5827 | D:7      | Noticed Menkaure
  5838 | D:7      | Killed Menkaure
  5973 | D:8      | Found a flagged portal.
  5973 | D:8      | Found Fampuh's General Store.
  6125 | Bailey   | Entered a bailey
  6193 | Bailey   | Reached ** piety under Kikubaaqudgha
  6224 | Bailey   | Noticed an orc knight
  6321 | Bailey   | Reached skill level 1 in Dodging
  6325 | Bailey   | Killed an orc knight
  6374 | Bailey   | Got a tiger eye-encrusted crystal plate armour
  6377 | Bailey   | Got a pair of ichor-stained boots
  6440 | Bailey   | Identified the +4 crystal plate armour "Mofoz" {-Cast rN+
                  | Str+3 Stlth+} (You found it in a bailey)
  6445 | Bailey   | Identified the +0 pair of boots "Bumojisk" {Str+3 Int+2
                  | Dex+2} (You found it in a bailey)
  6456 | D:8      | Bought a potion of heal wounds for 75 gold pieces
  6534 | D:8      | Got a crude quarterstaff
  6549 | D:8      | Found a hide-covered altar of Uskayaw.
  6650 | D:8      | Found a sacrificial altar of Ru.
  6688 | D:8      | Noticed a two-headed ogre
  6699 | D:8      | Killed a two-headed ogre
  6699 | D:8      | Reached XP level 11. HP: 97/97 MP: 10/10
  6840 | D:8      | Found an iron altar of Okawaru.
  6950 | D:8      | Found an opulent altar of Gozag.
  6960 | D:8      | Learned a level 1 spell: Animate Skeleton
  7144 | D:9      | Reached *** piety under Kikubaaqudgha
  7144 | D:9      | Identified Kikubaaqudgha's Almanac of Darkness
                  | (Kikubaaqudgha gifted it to you on level 9 of the Dungeon)
  7144 | D:9      | Received a gift from Kikubaaqudgha
  7202 | D:9      | Noticed Maurice
  7208 | D:9      | Noticed a manticore
  7213 | D:9      | Killed Maurice
  7220 | D:9      | Killed a manticore
  7735 | D:10     | Entered Level 10 of the Dungeon
  7829 | D:10     | Found a staircase to the Lair.
  8475 | D:11     | Noticed Josephine
  8502 | D:10     | Killed Josephine
  8688 | D:11     | Reached **** piety under Kikubaaqudgha
  8741 | D:11     | Noticed a cyan ugly thing
  8742 | D:11     | Noticed a white ugly thing
  8796 | D:11     | Killed a white ugly thing
  8801 | D:11     | Killed a cyan ugly thing
  8801 | D:11     | Reached XP level 12. HP: 63/106 MP: 11/11
  8885 | D:11     | Reached skill level 10 in Fighting
  8989 | D:11     | Found a staircase to the Orcish Mines.
  9172 | D:11     | Noticed Grum
  9199 | D:11     | Killed Grum
  9595 | D:12     | Reached skill level 10 in Armour
  9623 | D:12     | Noticed a two-headed ogre
  9626 | D:12     | Noticed Kirke
  9632 | D:12     | Killed a two-headed ogre
  9643 | D:12     | Reached skill level 5 in Dodging
  9713 | D:12     | Killed Kirke
  9838 | D:12     | Reached ***** piety under Kikubaaqudgha
  9909 | D:12     | Noticed a centaur warrior
  9926 | D:12     | Killed a centaur warrior
  9943 | D:12     | Reached XP level 13. HP: 95/115 MP: 12/12
 10476 | D:13     | Found a labyrinth entrance.
 10518 | Lab      | Entered a labyrinth
 10654 | Lab      | Noticed a minotaur
 10676 | Lab      | Killed a minotaur
 10711 | Lab      | Identified Dokyv's Catalogue of the Traveller and Ignition
 10741 | D:13     | Identified the +3 long sword of Bread {protect, rN+ Int+8}
                  | (You found it on level 4 of the Dungeon)
 10960 | D:13     | Got a crude hunting sling
 10961 | D:13     | Identified the cursed +1 hunting sling of Fee Simple
                  | {speed, Fragile rElec rN+ Int+4} (You found it on level 13
                  | of the Dungeon)
 11560 | D:14     | Reached skill level 15 in Unarmed Combat
 11649 | D:14     | Reached skill level 5 in Shields
 11715 | D:14     | Found a gate to the Vaults.
 11715 | D:14     | Noticed a vault guard
 11715 | D:14     | Noticed a vault guard
 11725 | D:14     | Killed a vault guard
 11743 | D:14     | Killed a vault guard
 11913 | D:14     | Reached XP level 14. HP: 124/124 MP: 13/13
 12082 | D:14     | Reached ****** piety under Kikubaaqudgha
 12245 | D:14     | Received a gift from Kikubaaqudgha
 12261 | D:15     | Entered Level 15 of the Dungeon
 12721 | D:15     | Identified 2 scrolls of acquirement
 12727 | D:15     | Got a crude silver amulet
 13070 | D:15     | Found a staircase to the Depths.
 13216 | Lair:1   | Entered Level 1 of the Lair of Beasts
 13249 | Lair:1   | Identified the amulet of Accord {Harm *Drain +Inv rPois rF-
                  | SInv} (You found it on level 15 of the Dungeon)
 13946 | Lair:2   | Got a polished cloak
 13957 | Lair:2   | Identified the -1 cloak of Shadows and Fog {rN+} (You
                  | acquired it on level 2 of the Lair of Beasts)
 13988 | Lair:2   | Noticed Urug
 14014 | Lair:2   | Killed Urug
 14635 | Lair:2   | Found a staircase to the Shoals.
 14994 | Lair:3   | Found a staircase to the Snake Pit.
 15085 | Lair:3   | Reached skill level 1 in Evocations
 16172 | Lair:4   | Noticed Nergalle
 16189 | Lair:4   | Killed Nergalle
 16189 | Lair:4   | Reached XP level 15. HP: 134/134 MP: 15/15
 17225 | Lair:6   | Entered Level 6 of the Lair of Beasts
 17416 | Lair:6   | Found a runed door.
 17788 | Lair:6   | Found a staircase to the Slime Pits.
 18181 | Lair:6   | Got an encrusted dagger
 18182 | Lair:6   | Identified the +5 dagger "Lexka" {pierce, rF+ rN+ Str+4}
                  | (You found it on level 6 of the Lair of Beasts)
 18682 | D:4      | Bought a potion of haste for 130 gold pieces
 18682 | D:4      | Bought a potion of curing for 39 gold pieces
 18682 | D:4      | Bought a potion of cancellation for 104 gold pieces
 18682 | D:4      | Bought a potion of curing for 39 gold pieces
 18682 | D:4      | Bought a potion of might for 52 gold pieces
 18682 | D:4      | Bought a potion of flight for 39 gold pieces
 18963 | Orc:1    | Entered Level 1 of the Orcish Mines
 19140 | Orc:2    | Entered Level 2 of the Orcish Mines
 19251 | Orc:2    | Reached XP level 16. HP: 112/143 MP: 17/17
 19449 | Orc:2    | Noticed Saint Roka
 19534 | Orc:2    | Killed Saint Roka
 19610 | Orc:2    | Found a staircase to the Elven Halls.
 20064 | Orc:1    | Found Joaruyruity's Jewellery Emporium.
 20210 | Orc:1    | Bought a +6 ring of strength for 936 gold pieces
 20210 | Orc:1    | Bought a +5 ring of dexterity for 659 gold pieces
 20295 | Orc:2    | Found Dinailan's General Store.
 20297 | Orc:2    | Found Fyfirutz's Antique Armour Shop.
 20298 | Orc:2    | Found Sosmul's Book Boutique.
 20301 | Orc:2    | Found Siah's Magic Scroll Shop.
 20303 | Orc:2    | Bought a scroll of magic mapping for 52 gold pieces
 20303 | Orc:2    | Bought a scroll of torment for 112 gold pieces
 20303 | Orc:2    | Bought a potion of curing for 45 gold pieces
 20322 | Orc:2    | Bought a scroll of blinking for 105 gold pieces
 20322 | Orc:2    | Bought a scroll of teleportation for 42 gold pieces
 20322 | Orc:2    | Bought a scroll of blinking for 105 gold pieces
 20322 | Orc:2    | Bought a scroll of teleportation for 42 gold pieces
 20322 | Orc:2    | Bought a scroll of immolation for 49 gold pieces
 20322 | Orc:2    | Bought a scroll of identify for 28 gold pieces
 20322 | Orc:2    | Bought a scroll of identify for 28 gold pieces
 20577 | Snake:1  | Entered Level 1 of the Snake Pit
 21951 | Snake:2  | Found a large runed door.
 21957 | Snake:2  | Found a large runed door.
 21960 | Snake:2  | Noticed epen's ghost (adept GnAs)
 22001 | Snake:2  | Killed epen's ghost
 22001 | Snake:2  | Reached skill level 15 in Armour
 22001 | Snake:2  | Reached XP level 17. HP: 135/151 MP: 7/18
 23551 | Snake:4  | Entered Level 4 of the Snake Pit
 23604 | Snake:4  | Found a frozen archway.
 23756 | IceCv    | Entered an ice cave
 23912 | IceCv    | Noticed an Ice Fiend
 23919 | IceCv    | Killed an Ice Fiend
 23927 | IceCv    | Noticed an Ice Fiend
 23937 | IceCv    | Killed an Ice Fiend
 24102 | Snake:4  | Found Cekawk's Jewellery Boutique.
 24102 | Snake:4  | Found Xoyjahou's Gadget Shoppe.
 24103 | Snake:4  | Found Mozaes Lexef's Jewellery Boutique.
 24112 | Snake:4  | Bought a cursed amulet of inaccuracy for 30 gold pieces
 24163 | Snake:4  | Identified the +2 chain mail of Idwyisucw {rN++ Str-3
                  | Slay+5} (You acquired it on level 4 of the Snake Pit)
 24288 | Snake:4  | Noticed Roxanne
 24465 | Snake:4  | Reached XP level 18. HP: 138/162 MP: 19/19
 24567 | Snake:4  | Killed Roxanne
 24810 | Snake:4  | Reached skill level 15 in Fighting
 24920 | Snake:4  | Noticed Vashnia
 25090 | Snake:4  | Killed Vashnia
 25374 | Snake:4  | Got a serpentine rune of Zot
 25669 | Shoals:1 | Entered Level 1 of the Shoals
 25797 | Shoals:1 | Identified the +1 cloak of the Princess {rC+ Dex+4} (You
                  | found it on level 1 of the Shoals)
 25838 | Shoals:1 | Got a heavy robe
 25845 | Shoals:1 | Identified the +1 robe of Orthodoxy {+Inv rC+} (You found
                  | it on level 1 of the Shoals)
 26804 | Shoals:2 | You are confused.
 26860 | Shoals:2 | Found Miekleul's Magic Scroll Boutique.
 26870 | Shoals:2 | Reached XP level 19. HP: 171/171 MP: 20/20
 26879 | Shoals:2 | Bought a scroll of blinking for 127 gold pieces
 26879 | Shoals:2 | Bought a scroll of immolation for 59 gold pieces
 26879 | Shoals:2 | Bought a scroll of blinking for 127 gold pieces
 26879 | Shoals:2 | Bought a scroll of teleportation for 51 gold pieces
 26879 | Shoals:2 | Bought a scroll of identify for 34 gold pieces
 26879 | Shoals:2 | Bought a scroll of identify for 34 gold pieces
 27366 | Shoals:3 | Noticed Ilsuiw
 27409 | Shoals:3 | Killed Ilsuiw
 27792 | Shoals:4 | Entered Level 4 of the Shoals
 28185 | Shoals:4 | Identified the +1 robe of Gozag's Hatred {*Slow Int+3
                  | Slay+3}
 28622 | Shoals:4 | Noticed Polyphemus
 28661 | Shoals:4 | Killed Polyphemus
 28735 | Shoals:4 | Got a barnacled rune of Zot
 29095 | Elf:1    | Entered Level 1 of the Elven Halls
 29104 | Elf:1    | Noticed Louise
 29146 | Elf:1    | Killed Louise
 29146 | Elf:1    | Reached skill level 5 in Necromancy
 29221 | Elf:1    | Reached XP level 20. HP: 172/182 MP: 21/21
 29805 | Elf:1    | Identified the Compendium of Conjuration and Summoning
 30060 | Elf:2    | Found a ruined gateway.
 30076 | Desolati | Entered the Desolation of Salt
 30120 | Desolati | You are confused.
 30183 | Desolati | Identified the Collected Works on Lethal Augmentations
 30202 | Desolati | Found the +3 robe of Folly {Archmagi, MR-- Int+5}
 30239 | Desolati | Identified a +0 pair of boots of running (You found it in
                  | the Desolation of Salt)
 30543 | Desolati | Got amethyst-encrusted storm dragon scales
 30544 | Desolati | Identified the cursed +0 storm dragon scales of Cowardice
                  | {rElec rC++ Stlth-} (You found it in the Desolation of
                  | Salt)
 30549 | Desolati | Identified the cursed +0 morningstar "Dragon's Tongue"
                  | {freeze, *Drain rN+ MR+} (You found it in the Desolation of
                  | Salt)
 30768 | Desolati | Identified the amulet of Prescription {Faith MR++} (You
                  | found it in the Desolation of Salt)
 30770 | Desolati | Identified the +0 pair of boots of the Constellations
                  | {rElec Dex+4} (You found it in the Desolation of Salt)
 31306 | Elf:2    | Found a runed gate.
 31306 | Elf:2    | Found a runed gate.
 31306 | Elf:2    | Found a runed gate.
 31387 | Elf:2    | Reached XP level 21. HP: 190/190 MP: 22/22
 31689 | Elf:3    | Entered Level 3 of the Elven Halls
 31866 | Elf:3    | Found a transporter.
 31897 | Elf:3    | Noticed feelmyfire's ghost (adept DsSk)
 31906 | Elf:3    | BUG
 32088 | Elf:3    | Found a transporter.
 32120 | Elf:3    | Killed feelmyfire's ghost
 32194 | Elf:3    | Got a scintillating platinum ring
 32195 | Elf:3    | Identified the cursed ring of Ytanekkou {rC- EV-3 Dex+4}
                  | (You found it on level 3 of the Elven Halls)
 32578 | Elf:3    | Cast into level 3 of the Abyss (a deep elf sorcerer)
 33021 | Abyss:3  | You feel dopey.
 33191 | Elf:3    | Escaped the Abyss
 33312 | Elf:3    | Identified the +11 great mace of Nubli {antimagic, rN+}
 33344 | Elf:3    | Identified the amulet "Jyqit" {Gourm Str+2 Int+3}
 33359 | Elf:3    | Reached XP level 22. HP: 198/201 MP: 23/23
 33363 | Elf:3    | Identified the ring of Emiqod {*Tele MR+ Str+2 Dex-4
                  | Slay+2}
 33413 | Elf:3    | Identified Urufeor's Incunabulum of Helpful Transmutation
 33454 | Elf:3    | Identified the Collected Works on Orientation and Changing
 33456 | Elf:3    | Identified the Catalogue of Captivating Self-Knowledge
 33459 | Elf:3    | Identified the ring of Cosodof {rElec Str+4 Int+4} (You
                  | found it on level 3 of the Elven Halls)
 33826 | Vaults:1 | Entered Level 1 of the Vaults
 34078 | Vaults:1 | Identified the +9 great sword "Owecilea" {protect, rElec
                  | rF+ Int+4}
 35674 | Vaults:2 | Found the +2 shield of Resistance {rF+ rC+ MR+}
 35807 | Vaults:2 | Got a black opal-studded plate armour
 35808 | Vaults:2 | Identified the +11 plate armour of Kaenemec {rF- Int+2
                  | Dex+8} (You found it on level 2 of the Vaults)
 35975 | Vaults:2 | Reached skill level 10 in Shields
 36015 | Vaults:2 | Reached skill level 10 in Dodging
 36257 | Vaults:2 | Reached XP level 23. HP: 167/209 MP: 24/24
 36880 | Vaults:3 | Found a staircase to the Crypt.
 36880 | Vaults:3 | Found a basalt altar of Yredelemnul.
 36881 | Vaults:3 | Found an ancient bone altar of Kikubaaqudgha.
 37082 | Vaults:3 | Got an encrusted plate armour
 37083 | Vaults:3 | Identified the +1 plate armour of the Enchanted Forest
                  | {rPois MR- Int+3 Stlth+} (You found it on level 3 of the
                  | Vaults)
 38403 | Vaults:4 | Found a large runed door.
 38403 | Vaults:4 | Found a large runed door.
 38403 | Vaults:4 | Noticed Wakhat's ghost (adept MiFi)
 38448 | Vaults:4 | Killed Wakhat's ghost
 38587 | Vaults:4 | Noticed Margery
 38610 | Vaults:4 | Killed Margery
 39017 | Vaults:5 | Entered Level 5 of the Vaults
 39096 | Vaults:5 | Identified the +7 shortbow of Woky {speed, rPois rC+
                  | Stlth+}
 39164 | Vaults:5 | Reached XP level 24. HP: 128/220 MP: 22/24
 39307 | Vaults:5 | Identified the Volume of Creative Poison
 39388 | Vaults:5 | Noticed an ancient lich
 39397 | Vaults:5 | Killed an ancient lich
 39540 | Vaults:5 | Identified the Grimoire of Envenoming
 39921 | Vaults:5 | Identified the +11 mace of Foolhardiness {venom, Str+2
                  | Stlth+} (You took it off a vault guard on level 5 of the
                  | Vaults)
 40006 | Vaults:5 | Identified the Incunabulum of the Snowflakes and Attacks
 40063 | Vaults:5 | Identified the ring "Dius" {Ice +Inv} (You took it off a
                  | vault guard on level 5 of the Vaults)
 40157 | Vaults:5 | Identified the +4 large shield of Paranoia {rCorr}
 40240 | Vaults:5 | Got a silver rune of Zot
 40315 | Vaults:5 | Reached XP level 25. HP: 222/228 MP: 24/24
 41203 | Slime:1  | Entered Level 1 of the Pits of Slime
 41781 | Slime:4  | You feel dopey.
 41786 | Slime:4  | You feel dopey.
 42082 | Slime:5  | Entered Level 5 of the Pits of Slime
 42083 | Slime:5  | You feel dopey.
 42286 | Slime:5  | Found a viscous altar of Jiyva.
 42287 | Slime:5  | Noticed the Royal Jelly
 42304 | Slime:5  | Killed the Royal Jelly
 42415 | Slime:5  | Reached XP level 26. HP: 182/239 MP: 1/24
 42457 | Slime:5  | Got a fine copper ring
 42458 | Slime:5  | Identified the ring of Lammexke {rPois Dex+2} (You found it
                  | on level 5 of the Pits of Slime)
 42497 | Slime:5  | Got a slimy rune of Zot
 42519 | Slime:5  | Identified the Collected Works on Contamination and
                  | Creation
 42526 | Slime:5  | Got a faintly humming hat
 42527 | Slime:5  | Identified the cursed +0 hat of Experimentation {rF- rN++
                  | Regen+} (You found it on level 5 of the Pits of Slime)
 42542 | Slime:5  | Learned a level 1 spell: Apportation
 42870 | Snake:4  | Bought the ring of Bodily Harmony {*Corrode rF+ Str+8 Dex+5
                  | Stlth-} for 784 gold pieces
 42870 | Snake:4  | Bought the amulet "Boqez" {Reflect rElec Str+3 SH+4 SInv}
                  | for 772 gold pieces
 42870 | Snake:4  | Bought the ring of Amelioration {+Inv rC+ rN+ Str+4} for
                  | 783 gold pieces
 43459 | Depths:1 | Entered Level 1 of the Depths
 43487 | Depths:1 | Noticed Asterion
 43490 | Depths:1 | Found Ladiliph's Jewellery Boutique.
 43574 | Depths:2 | Found a gateway to Hell.
 45007 | Depths:1 | Killed Asterion
 45233 | Hell     | Entered the Vestibule of Hell
 45233 | Hell     | Noticed Geryon
 45415 | Depths:1 | Found a gateway to a ziggurat.
 45455 | Depths:1 | Found a one-way gate to the infinite horrors of the Abyss.
 46261 | Depths:3 | Reached XP level 27. HP: 248/248 MP: 24/24
 46609 | Depths:3 | Found a one-way gate leading to the halls of Pandemonium.
 47408 | Depths:4 | Found a runed door.
 47489 | Depths:4 | Reached skill level 5 in Evocations
 47595 | Depths:4 | Identified the +0 cloak of Fellitops {rC+ Str+3} (You
                  | acquired it on level 4 of the Depths)
 47657 | Depths:4 | Noticed a juggernaut
 47666 | Depths:4 | Killed a juggernaut
 47730 | Depths:4 | Identified the Incunabulum of Creative Bewitchment
 47745 | Depths:4 | Found the +9 heavy crossbow "Sniper" {velocity, Acc+∞ SInv}
 47777 | Depths:4 | Identified Taphokij's Handbook of Evil Rites and
                  | Displacement
 48897 | Depths:4 | Learned a level 2 spell: Blink
 48900 | Depths:4 | Learned a level 2 spell: Song of Slaying
 48904 | Depths:4 | Learned a level 3 spell: Lesser Beckoning
 48908 | Depths:4 | Learned a level 3 spell: Regeneration
 48910 | Depths:4 | Learned a level 1 spell: Summon Butterflies
 48915 | Depths:4 | Learned a level 4 spell: Passage of Golubria
 48921 | Depths:4 | Learned a level 5 spell: Borgnjor's Vile Clutch
 49305 | Depths:5 | Entered Level 5 of the Depths
 49335 | Depths:5 | Reached skill level 1 in Translocations
 49337 | Depths:5 | Reached skill level 1 in Spellcasting
 49471 | Depths:5 | You feel dopey.
 49810 | Depths:5 | Found a runed door.
 49810 | Depths:5 | Found a runed door.
 49862 | Depths:5 | Reached skill level 5 in Translocations
 49905 | Depths:5 | Reached skill level 5 in Spellcasting
 50011 | Depths:5 | Found a runed door.
 50015 | Depths:5 | Found a runed door.
 50019 | Depths:5 | Found a gate to the Realm of Zot.
 50100 | Depths:5 | Found a runed door.
 50100 | Depths:5 | Found a runed door.
 50232 | Depths:5 | Found Zauv's Magic Scroll Emporium.
 50236 | Depths:5 | Found Pyfihi Igick's Armour Shoppe.
 50237 | Depths:5 | Found Ciluv's General Store.
 50240 | Depths:5 | Bought a scroll of torment for 120 gold pieces
 50240 | Depths:5 | Bought a scroll of enchant armour for 120 gold pieces
 50240 | Depths:5 | Bought a scroll of identify for 32 gold pieces
 50240 | Depths:5 | Bought a scroll of identify for 32 gold pieces
 50244 | Depths:5 | Bought 3 javelins of penetration for 100 gold pieces
 50420 | Zot:1    | Entered Level 1 of the Realm of Zot
 51828 | Zot:1    | Reached skill level 10 in Translocations
 52209 | Zot:2    | Reached skill level 10 in Spellcasting
 52477 | Zot:3    | Identified the +4 cloak "Tiuterix" {rElec rN+} (You
                  | acquired it on level 3 of the Realm of Zot)
 52514 | Zot:3    | Reached skill level 1 in Earth Magic
 52638 | Zot:3    | Reached skill level 1 in Charms
 53094 | Zot:3    | Reached skill level 5 in Earth Magic
 53489 | Zot:4    | Reached skill level 5 in Charms
 53857 | Zot:4    | Reached skill level 10 in Necromancy
 53883 | Zot:4    | Identified Hezxul's Catalogue of the Venomous Traveller
 54220 | Zot:4    | Found the +3 giant club "Skullcrusher" {speed, Str+7}
 54519 | Zot:5    | Entered Level 5 of the Realm of Zot
 54807 | Zot:5    | Noticed an orb of fire
 54832 | Zot:5    | Killed an orb of fire
 54832 | Zot:5    | Reached skill level 10 in Earth Magic
 54846 | Zot:5    | Noticed an orb of fire
 54852 | Zot:5    | Noticed an orb of fire
 54859 | Zot:5    | Noticed an ancient lich
 54864 | Zot:5    | Killed an orb of fire
 54868 | Zot:5    | Noticed an orb of fire
 54874 | Zot:5    | Killed an ancient lich
 54877 | Zot:5    | You feel dopey.
 54878 | Zot:5    | Killed an orb of fire
 54882 | Zot:5    | Noticed an orb of fire
 54887 | Zot:5    | Noticed an ancient lich
 54890 | Zot:5    | You feel dopey.
 54891 | Zot:5    | You feel dopey.
 54893 | Zot:5    | Killed an orb of fire
 54896 | Zot:5    | Noticed an ancient lich
 54900 | Zot:5    | Killed an orb of fire
 54905 | Zot:5    | Noticed an orb of fire
 54913 | Zot:5    | Killed an ancient lich
 54915 | Zot:5    | Killed an ancient lich
 54919 | Zot:5    | You feel dopey.
 54924 | Zot:5    | Killed an orb of fire
 55124 | Zot:5    | Noticed an orb of fire
 55139 | Zot:5    | Killed an orb of fire
 55156 | Zot:5    | Noticed an orb of fire
 55158 | Zot:5    | Noticed an orb of fire
 55175 | Zot:5    | Killed an orb of fire
 55192 | Zot:5    | You feel dopey.
 55195 | Zot:5    | Killed an orb of fire
 55256 | Zot:5    | Got a steaming cloak
 55257 | Zot:5    | Identified the +0 cloak of Okawaru's Supremacy {*Slow rElec
                  | rPois Stlth+} (You found it on level 5 of the Realm of Zot)
 55357 | Zot:5    | Noticed an orb of fire
 55374 | Zot:5    | Killed an orb of fire
 55571 | Hell     | Killed Geryon
 55681 | Hell     | Found a gateway to the ashen valley of Gehenna.
 55700 | Geh:1    | Entered Level 1 of Gehenna
 55969 | Geh:2    | Reached skill level 15 in Necromancy
 56356 | Geh:3    | Reached skill level 15 in Earth Magic
 56417 | Geh:3    | Reached skill level 10 in Charms
 56705 | Geh:4    | Learned a level 4 spell: Animate Dead
 56708 | Geh:4    | Learned a level 2 spell: Passwall
 56968 | Geh:7    | Entered Level 7 of Gehenna
 57111 | Geh:7    | Noticed the Serpent of Hell
 57143 | Geh:7    | Killed the Serpent of Hell
 57388 | Geh:7    | Identified the +7 sceptre of Asmodeus
 57388 | Geh:7    | Noticed Asmodeus
 57419 | Geh:7    | Killed Asmodeus
 57440 | Geh:7    | Got an obsidian rune of Zot
 57836 | Geh:7    | Cast into level 2 of the Abyss (hell knight)
 58041 | Abyss:3  | You feel dopey.
 58043 | Abyss:3  | You feel dopey.
 58095 | Abyss:3  | Noticed an ancient lich
 58104 | Abyss:3  | Killed an ancient lich
 58110 | Abyss:3  | Paralysed by accursed screaming for 2 turns
 58115 | Abyss:3  | Paralysed by accursed screaming for 2 turns
 58236 | Geh:7    | Escaped the Abyss
 58600 | Hell     | Found a gateway to the freezing wastes of Cocytus.
 58658 | Coc:1    | Entered Level 1 of Cocytus
 58759 | Coc:1    | Reached skill level 1 in Throwing
 59395 | Coc:7    | Entered Level 7 of Cocytus
 59737 | Coc:7    | Found the cursed necklace of Bloodlust {*Rage +Rage MR++
                  | Int-3 Slay+6 *Curse}
 59840 | Coc:7    | Noticed Antaeus
 59888 | Coc:7    | Killed Antaeus
 59902 | Coc:7    | Reached skill level 15 in Dodging
 59902 | Coc:7    | Reached skill level 15 in Shields
 59907 | Coc:7    | Reached skill level 15 in Spellcasting
 59920 | Coc:7    | Got an icy rune of Zot
 60047 | Coc:7    | Reached skill level 5 in Throwing
 60164 | Hell     | Found a gateway to the decaying netherworld of Tartarus.
 60177 | Tar:1    | Entered Level 1 of Tartarus
 60240 | Tar:1    | You are confused.
 60631 | Tar:7    | Entered Level 7 of Tartarus
 60889 | Tar:7    | Identified the ring "Diaph" {rElec EV+3} (You found it on
                  | level 7 of Tartarus)
 60890 | Tar:7    | Identified the Reference Book on Snow and Heat
 60923 | Tar:7    | Reached skill level 27 in Unarmed Combat
 61031 | Tar:7    | Identified the Incunabulum of the Shifting Traveller
 61038 | Tar:7    | Identified the +0 pair of boots of Goemux {Str+5 Int+4
                  | Dex+3} (You found it on level 7 of Tartarus)
 61039 | Tar:7    | Identified the ring of Ushruf {rCorr rF- Int+7} (You found
                  | it on level 7 of Tartarus)
 61040 | Tar:7    | Identified the ring "Vieseli" {rElec SInv Stlth+} (You
                  | found it on level 7 of Tartarus)
 61210 | Tar:7    | You feel dopey.
 61305 | Tar:7    | Identified the cursed +0 buckler "Biythr Joegh" {Str+3}
                  | (You found it on level 7 of Tartarus)
 61417 | Tar:7    | Noticed Ereshkigal
 61436 | Tar:7    | Killed Ereshkigal
 61476 | Tar:7    | Got a bone rune of Zot
 61543 | Tar:7    | Noticed an ancient lich
 61543 | Tar:7    | Noticed an ancient lich
 61554 | Tar:7    | Killed an ancient lich
 61559 | Tar:7    | Killed an ancient lich
 61608 | Tar:7    | Identified the Incunabulum of Hurtful Companions
 61714 | Hell     | Found a gateway to the Iron City of Dis.
 61725 | Dis:1    | Entered Level 1 of the Iron City of Dis
 61772 | Dis:1    | You fall through a shaft!
 61839 | Dis:2    | You feel dopey.
 62540 | Dis:5    | You are confused.
 62642 | Dis:6    | You feel dopey.
 62785 | Dis:6    | Reached skill level 10 in Throwing
 62791 | Dis:7    | Entered Level 7 of the Iron City of Dis
 63566 | Dis:7    | Identified the ring "Xerchy Deax" {MR+ Str+3} (You found it
                  | on level 7 of the Iron City of Dis)
 63667 | Dis:7    | Identified the ring of Freedom {SInv Stlth+}
 63754 | Dis:7    | Identified the +4 staff of Dispater
 63754 | Dis:7    | Noticed Dispater
 63788 | Dis:7    | Killed Dispater
 63800 | Dis:7    | Got an iron rune of Zot
 63882 | Hell     | Petrovich: ауры не дали
 64163 | Crypt:1  | Entered Level 1 of the Crypt
 64571 | Crypt:3  | Entered Level 3 of the Crypt
 64836 | Crypt:3  | Found a staircase to the Tomb.
 64975 | Crypt:3  | Found a basalt altar of Yredelemnul.
 65003 | Crypt:3  | Noticed an ancient lich
 65029 | Crypt:3  | Killed an ancient lich
 65047 | Crypt:3  | Found the +8 orange crystal plate armour {Archmagi, Int+3
                  | Clar}
 65056 | Crypt:3  | Got a faintly glowing silver amulet
 65057 | Crypt:3  | Identified the amulet "Ururom" {Inacc *Corrode rC+ Dex+8
                  | SInv} (You found it on level 3 of the Crypt)
 65061 | Crypt:3  | Got a distressingly furry cloak
 65062 | Crypt:3  | Identified the +0 cloak of the Tortoise {+Inv} (You found
                  | it on level 3 of the Crypt)
 65137 | Crypt:3  | TheNamelessOne: Будешь один против кодлы
 65155 | Crypt:3  | Petrovich: я надеюсь на javelins
 65301 | Crypt:3  | Petrovich: и mr мало
 65301 | Crypt:3  | Petrovich: могут парализовать
 65356 | Tomb:1   | Entered Level 1 of the Tomb of the Ancients
 65532 | Tomb:1   | TheNamelessOne: и задиспеллить за милую душу
 65533 | Tomb:1   | Petrovich: у него клешня не хуже диспела
 65542 | Tomb:1   | Petrovich: а вот меня могут
 65792 | Tomb:2   | Noticed a greater mummy
 65792 | Tomb:2   | Noticed an ancient lich
 65794 | Tomb:2   | Noticed a greater mummy
 65800 | Tomb:2   | Killed a greater mummy
 65808 | Tomb:2   | Noticed a greater mummy
 65948 | Tomb:2   | Petrovich: лол, на что я надеялся
 66054 | Tomb:2   | Killed an ancient lich
 66068 | Tomb:2   | Killed a greater mummy
 66084 | Tomb:2   | Killed a greater mummy
 66235 | Tomb:1   | Noticed a greater mummy
 66235 | Tomb:1   | Noticed a greater mummy
 66236 | Tomb:1   | Noticed a greater mummy
 66243 | Tomb:1   | Killed a greater mummy
 66249 | Tomb:1   | Noticed a greater mummy
 66252 | Tomb:1   | Killed a greater mummy
 66253 | Tomb:1   | Noticed a greater mummy
 66257 | Tomb:1   | Noticed a greater mummy
 66259 | Tomb:1   | Killed a greater mummy
 66272 | Tomb:1   | Killed a greater mummy
 66285 | Tomb:1   | Killed a greater mummy
 66296 | Tomb:1   | Killed a greater mummy
 66427 | Tomb:1   | Noticed a greater mummy
 66434 | Tomb:1   | Killed a greater mummy
 66473 | Tomb:1   | Noticed a greater mummy
 66475 | Tomb:1   | Noticed a greater mummy
 66487 | Tomb:1   | Killed a greater mummy
 66494 | Tomb:1   | Killed a greater mummy
 66566 | Tomb:1   | Noticed a greater mummy
 66571 | Tomb:1   | Noticed a greater mummy
 66581 | Tomb:1   | Killed a greater mummy
 66615 | Tomb:1   | Killed a greater mummy
 66668 | Tomb:1   | Noticed a greater mummy
 66685 | Tomb:1   | Killed a greater mummy
 66745 | Tomb:2   | Paralysed by a Zot trap for 4 turns
 66811 | Tomb:3   | Entered Level 3 of the Tomb of the Ancients
 66813 | Tomb:3   | Noticed Mara
 66815 | Tomb:3   | Petrovich: збс
 66817 | Tomb:3   | Noticed Petrovich's illusion
 66845 | Tomb:3   | Killed Mara
 67009 | Tomb:3   | Noticed a greater mummy
 67009 | Tomb:3   | Noticed a greater mummy
 67011 | Tomb:3   | Noticed a greater mummy
 67012 | Tomb:3   | Noticed a greater mummy
 67017 | Tomb:3   | Killed a greater mummy
 67018 | Tomb:3   | Noticed a greater mummy
 67018 | Tomb:3   | Killed a greater mummy
 67019 | Tomb:3   | Noticed Jory
 67030 | Tomb:3   | Noticed a greater mummy
 67042 | Tomb:3   | Killed a greater mummy
 67057 | Tomb:3   | Killed a greater mummy
 67137 | Tomb:3   | Noticed a greater mummy
 67138 | Tomb:3   | Petrovich: кто-то дверку заботливо открыл
 67150 | Tomb:3   | Killed a greater mummy
 67150 | Tomb:3   | Noticed a greater mummy
 67159 | Tomb:3   | Killed a greater mummy
 67165 | Tomb:3   | Killed a greater mummy
 67176 | Tomb:3   | Killed Jory
 67190 | Tomb:3   | You feel dopey.
 67191 | Tomb:3   | Killed a greater mummy
 67382 | Tomb:3   | Identified the amulet of Ikuqin {Gourm Int+4 Dex-5} (You
                  | found it on level 3 of the Tomb of the Ancients)
 67397 | Tomb:3   | Got a steaming chain mail
 67398 | Tomb:3   | Identified the +7 chain mail of the Shoals {*Drain *Slow
                  | rN+++ Slay+6} (You found it on level 3 of the Tomb of the
                  | Ancients)
 67442 | Tomb:3   | Identified the Volume of Victory
 67445 | Tomb:3   | Identified the Reference Book on Attacks
 67520 | Tomb:3   | Got a golden rune of Zot
 68114 | Depths:3 | Petrovich: на сегодня все
 68114 | Depths:3 | Petrovich: пока
 68114 | Depths:3 | Upgraded the game from 0.23-a0-338-g8ff0b24 to
                  | 0.23-a0-344-ge122d05
 68139 | Pan      | Entered Pandemonium
 68577 | Pan      | Found a white marble altar of Elyvilon.
 68929 | Pan      | Identified the +2 large shield of True Grit {*Slow +Inv
                  | Int+5 Slay+4}
 68975 | Pan      | Identified the cursed +0 ring mail "Seduar" {Dex+4 Slay+5}
 69087 | Pan      | Found a glowing silver altar of Zin.
 69637 | Pan      | Identified the ring "Qadegif" {+Blink Str-5 Int+3 Stlth-}
 69637 | Pan      | Noticed a seraph
 69732 | Pan      | Killed a seraph
 69759 | Pan      | Found a glowing golden altar of the Shining One.
 69783 | Pan      | Identified Sif Muna's Compendium of Curses and Feathers
 69784 | Pan      | Identified the Guide on Unholy Rites and Orientation
 69785 | Pan      | Got a demonic rune of Zot
 69809 | Pan      | Identified the +3 buckler of Hedonism {Str+4}
 69866 | Pan      | Reached skill level 15 in Throwing
 70046 | Pan      | Entered the realm of Mnoleg.
 70177 | Pan      | You feel dopey.
 70214 | Pan      | You feel momentarily confused.
 70221 | Pan      | You feel momentarily confused.
 70224 | Pan      | You feel momentarily confused.
 70227 | Pan      | You feel momentarily confused.
 70259 | Pan      | You feel dopey.
 70337 | Pan      | Noticed Mnoleg
 70359 | Pan      | Paralysed by a floating eye for 3 turns
 70367 | Pan      | Killed Mnoleg
 70402 | Pan      | You feel dopey.
 70443 | Pan      | Identified the Disquisition on Flames and Attacks
 70469 | Pan      | Identified the amulet "Yfaizode" {+Rage Int+4} (You found
                  | it in Pandemonium)
 70486 | Pan      | Got a glowing rune of Zot
 70627 | Pan      | Reached skill level 27 in Armour
 70672 | Pan      | Noticed Zeomobb the pandemonium lord
 70687 | Pan      | Entered the realm of Lom Lobon.
 70687 | Pan      | Noticed Lom Lobon
 70696 | Pan      | Got a magical rune of Zot
 70973 | Pan      | Noticed Inaitozu the pandemonium lord
 70990 | Pan      | You feel dopey.
 71001 | Pan      | You feel dopey.
 71056 | Pan      | You feel dopey.
 71161 | Pan      | Noticed Riaded the pandemonium lord
 71176 | Pan      | Killed Riaded the pandemonium lord
 71469 | Pan      | Entered the realm of Cerebov.
 71534 | Pan      | Identified the Tome of Flames and Orientation
 71535 | Pan      | Identified Sif Muna's Compendium of the Blaze and Hexes
 71597 | Pan      | Identified the +6 sword of Cerebov {flame}
 71597 | Pan      | Noticed Cerebov
 71626 | Pan      | Killed Cerebov
 71655 | Pan      | Identified the +9 triple sword of Pysh {pain, rC+} (You
                  | found it in Pandemonium)
 71666 | Pan      | Got a fiery rune of Zot
 71685 | Pan      | Learned a level 6 spell: Simulacrum
 71732 | Pan      | Reached skill level 1 in Ice Magic
 71746 | Pan      | Noticed Athahaff the pandemonium lord
 71873 | Pan      | Entered the realm of Gloorx Vloq.
 71892 | Pan      | Reached skill level 5 in Ice Magic
 71899 | Pan      | Reached skill level 27 in Fighting
 71956 | Pan      | Got a dark rune of Zot
 71962 | Pan      | Noticed Gloorx Vloq
 71975 | Pan      | Killed Gloorx Vloq
 72040 | Pan      | Found an exit through the horrors of the Abyss.
 72057 | Pan      | Took an exit into the Abyss.
 72057 | Abyss:1  | Escaped into the Abyss
 72063 | Abyss:1  | Found a corrupted altar of Lugonu.
 72101 | Abyss:1  | Reached skill level 10 in Ice Magic
 72174 | Abyss:1  | You feel dopey.
 72307 | Abyss:2  | Found a corrupted altar of Lugonu.
 72611 | Abyss:3  | Found a corrupted altar of Lugonu.
 72704 | Abyss:5  | Entered Level 5 of the Abyss
 72831 | Abyss:5  | You feel dopey.
 72860 | Abyss:5  | Got an abyssal rune of Zot
 72866 | Depths:3 | Escaped the Abyss
 73095 | Zot:5    | Got the Orb of Zot
 73532 | D:14     | Noticed Opelipae the pandemonium lord
 73538 | D:14     | Killed Opelipae the pandemonium lord
 73710 | D:5      | Noticed Wely the pandemonium lord
 73719 | D:5      | Killed Wely the pandemonium lord
 73719 | D:5      | Reached skill level 15 in Ice Magic
 73872 | D:$      | Escaped with the Orb!

Vault maps used:
D:1:      dpeg_arrival_stonehenge_8_columns, minivault_14,
          minmay_misc_feat_plants
D:2:      makhleb_heckhound_becter, first_ration, corner_web_ring,
          grunt_qazlal_clouds
D:3:      old_standard_altar
D:4:      evilmike_ruin_ashenzari, serial_shops, shop, serial_bayou_lagoon_b
D:5:      xom_redecorated, uniq_edmund, uniq_sigmund, uniq_prince_ribbit1
D:6:      minitemple, lemuel_crystal_altar, minmay_temple_entry_fiery,
          basic_altar, serial_bayou_lake_a
D:7:      chequers_arboretum, grunt_ogre_cave, lemuel_oklob_altar,
          uniq_crazy_yiuf_cottage, uniq_duvessa, uniq_menkaure, uniq_harold
D:8:      eat_drink_and_be_merry_uskayaw, okawaru_trees_1,
          nicolae_ru_the_path_less_chosen, enter_bailey_3, serial_shops, shop,
          st_stairs_8, grunt_gozag_statues
D:9:      kennysheep_small_spiral, uniq_maurice
D:10:     david_lair_shrubbed
D:11:     orc_0_dummy, uniq_josephine, uniq_grum
D:12:     wad_guarded_room, uniq_kirke
D:13:     lab_entry_generic, small_statue_intersection
D:14:     grunt_vaults_entry_tiered, serial_bayou_shore_b, roderic_batcave
D:15:     grunt_enter_depths_hoard, minmay_misc_feat_nine_boxes
Temple:   cyrus_temple_forest
Lair:1:   minmay_lair_oklob_tunnel, grunt_megastairs_5, lemuel_fruit_fields
Lair:2:   minmay_shoals_entry_hut, lemuel_fruit_tree, uniq_urug
Lair:3:   dummy_snake_entry, beast_lair_carwin_8, grunt_megastairs_1
Lair:4:   uniq_nessos, uniq_nergalle
Lair:6:   wormcave, minmay_slime_entry_oklob_open
Shoals:2: serial_shops, nicolae_shop_trees
Shoals:3: st_sunken_temple, uniq_ilsuiw
Shoals:4: shoals_end_grunt_ice, uniq_polyphemus
Snake:1:  special_room
Snake:2:  ebering_ghost_disaster_area
Snake:3:  nicolae_sea_snake_s, special_room, st_stairs_11
Snake:4:  minmay_snake_end_coiled, special_room,
          portal_ice_cave_entry_pillars_2, nicolae_snake_serpentine_hallways,
          minmay_shop_grove, uniq_roxanne, uniq_vashnia
Orc:1:    serial_shops, shop
Orc:2:    st_orc_open, guppyfry_library_mini, uniq_saint_roka
Elf:1:    minmay_elf_arrival_plus, minmay_elf_sorcery, uniq_louise
Elf:2:    portal_desolation_entry_nicolae_nacl
Elf:3:    elf_hall, gammafunk_ghost_arena
Vaults:1: nicolae_vaults_little_ls, v_rooms_6, vaults_room_semicircle,
          v_misc_15, nicolae_vaults_bisected_slash, v_misc_8,
          dpeg_vaults_pockets_of_resistance, hangedman_vaults_pinch, v_misc_19,
          vaults_room_corners, vaults_dpeg_ring
Vaults:2: v_pattern_5, hangedman_vaults_restitches,
          nicolae_vaults_ring_of_whatevers, vaults_room_semicircle,
          nicolae_vaults_mini_display_case, ontoclasm_vaults_hangar,
          hangedman_vaults_locks, hangedman_vaults_stitches,
          dpeg_vaults_monster_box
Vaults:3: minmay_crypt_entry_necro_gods, v_pattern_4, grunt_vaults_diagonal,
          hangedman_vaults_stream, hangedman_vaults_slice,
          vaults_room_stairs_pillars, nicolae_vaults_ninety_degrees,
          dpeg_vaults_waves, nicolae_vaults_asterisk, vaults_mumra_chevron,
          vaults_dpeg_hooks, ontoclasm_vaults_misaligned
Vaults:4: advil_vaults_ghost_guards, vaults_room_corners, nicolae_vaults_theta,
          vaults_room_fours, v_misc_15, v_misc_17, v_misc_10,
          grunt_vaults_hallway_short, hangedman_vaults_cutoff, uniq_margery
Crypt:1:  serial_co_window_serial, co_window_cross_1, co_window_paths_b,
          co_window_cross_1, co_window_paths_a, co_window_of_opportunity_a,
          co_window_corner_a, co_window_corner_a, co_window_corner_ca,
          co_window_broadway_b, co_window_cross_3, co_window_paths_c,
          co_window_of_opportunity_c, glass_columns_a, glass_columns_a,
          grunt_ministairs_7
Crypt:3:  church_of_pain_bobbens
Tomb:3:   uniq_jory, uniq_mara
Depths:1: enter_ziggurat_e, minmay_room_of_horrors, pf_hell_entry_great_geh,
          serial_shops, shop_fountains, kennysheep_generic_room_3, uniq_asterion
Depths:2: cheibrodos_lost_city_excavation, hangedman_coc_ice_floe,
          kennysheep_opposing_triangles
Depths:3: kennysheep_six_static_rooms, grunt_mini_vestibule,
          grunt_pan_entry_in_and_out, abyss_entry_crystal,
          hangedman_abyss_or_decor_passed, kennysheep_minor_cross,
          minmay_staircase_windowed_small, serial_bayou_shore_a
Depths:4: box_level_dp, abyss_entry, pan_entry, hell_entry
Depths:5: evilmike_zot_entry_castle, hell_entry, nicolae_lava_and_water,
          minmay_shop_star
Dis:4:    grunt_dis_stairs_iron_hall
Dis:5:    nicolae_dis_strange_trophy_room
Dis:6:    hangedman_dis_decor_blocks_mantle
Dis:7:    iron_city_of_dis
Geh:2:    lemuel_flamethrower_3, grunt_megastairs_4
Geh:3:    lemuel_flamethrower_2
Geh:4:    hangedman_elemental_grid_stream, grunt_megastairs_2
Geh:5:    lemuel_elevator
Geh:7:    geh_hangedman
Coc:7:    coc_dpeg
Tar:3:    nicolae_tar_cuneiform_heaven
Tar:4:    nicolae_tar_cuneiform_not
Tar:7:    tar_old
Zot:2:    grunt_megastairs_3
Zot:3:    cheibrodos_zot_enchanting_chambers
Zot:4:    st_single_dragon_hoard_2
Abyss:1:  evilmike_abyss_exit_16
Abyss:2:  hangedman_abyss_or_decor_stagger
Abyss:3:  due_exit_kobolds, hangedman_abyss_lost_library,
          hangedman_decor_lopped, nicolae_abyss_rune_star_stuff
Abyss:4:  evilmike_abyss_exit_15, bh_abyss_exit_grid, minivault_19
Abyss:5:  hangedman_abyss_monster_moat, evilmike_abyss_rune_ettins
Pan:      evilmike_mini_pan_branches, pan_blood_fountain, evilmike_holy_pan,
          evilmike_mini_pan_corner, evilmike_mnoleg_eyes, pan_blood_fountain_2,
          pan_blood_fountain, reaverb_pan_squares, nicolae_pan_cerebovesque_2,
          nicolae_pan_double_arrow, evilmike_mini_pan_3x3, lom_lobon_grunt,
          pan_blood_fountain_small, lemuel_hellion_island,
          evilmike_mini_pan_other_thingy, pan_blood_fountain_2, rand_demon_5,
          cerebov_grunt_fire_and_steel, uniq_lom_lobon, rand_demon_8,
          gloorx_vloq, pan_blood_fountain_small, uniq_lom_lobon
Lab:      nicolae_lab_dead_adventurers, nicolae_lab_lava, nicolae_lab_do_over,
          lab_statue, nicolae_lab_flowing_pool, nicolae_lab_diamond,
          nicolae_lab_very_dead_end, nicolae_lab_blocks
Bailey:   bailey_polearm_1, bailey
IceCv:    ice_cave_small_demon

Skill      XL: |  1  2  3  4  5  6  7  8  9 10 11 12 13 14 15 16 17 18 19 20 21 22 23 24 25 26 27 |
---------------+----------------------------------------------------------------------------------+-----
Unarmed Combat | 3 4 5 6 8 10 11 13 14 15 16 17 18 19 20 21 22 23 24 25 27 | 27.0
Armour         | 3 4 5 6 8 9 10 11 12 13 15 16 17 18 19 20 21 22 23 27 | 27.0
Shields        | 3 4 5 6 7 8 9 10 11 12 13 15 | 15.0
Fighting       | 4 5 6 8 9 10 11 12 13 14 15 16 17 18 19 20 27 | 27.0
Necromancy     | 2 3 4 5 16 | 16.1
Dodging        | 2 4 5 6 7 8 9 10 11 12 13 25 | 25.1
Evocations     | 2 3 7 |  7.0
Translocations | 14 | 14.0
Spellcasting   | 15 | 15.0
Earth Magic    | 17 | 17.0
Charms         | 10 | 10.0
Throwing       | 15 | 15.0
Ice Magic      | 15 | 15.1

Action                   |  1- 3 |  4- 6 |  7- 9 | 10-12 | 13-15 | 16-18 | 19-21 | 22-24 | 25-27 || total
-------------------------+-------+-------+-------+-------+-------+-------+-------+-------+-------++-------
Melee: Unarmed           |   138 |   214 |   397 |   732 |  1417 |  1530 |  1702 |  1440 |  9546 || 17116
       Dagger            |       |       |       |       |    58 |       |       |       |       ||    58
Throw: Throwing net      |       |       |       |     1 |       |     1 |       |     1 |     1 ||     4
       Javelin           |       |       |       |       |       |       |       |       |     4 ||     4
 Cast: Animate Skeleton  |       |       |       |       |       |       |       |       |   205 ||   205
       Borgnjor's Vile C |       |       |       |       |       |       |       |       |   186 ||   186
       Apportation       |       |       |       |       |       |       |       |       |   113 ||   113
       Lesser Beckoning  |       |       |       |       |       |       |       |       |   112 ||   112
       Blink             |       |       |       |       |       |       |       |       |    61 ||    61
       Regeneration      |       |       |       |       |       |       |       |       |    54 ||    54
       Song of Slaying   |       |       |       |       |       |       |       |       |    48 ||    48
       Passage of Golubr |       |       |       |       |       |       |       |       |    23 ||    23
       Passwall          |       |       |       |       |       |       |       |       |     8 ||     8
Invok: Receive Corpses   |       |       |       |     5 |     2 |     1 |     4 |     2 |    17 ||    31
       Receive Necronomi |       |       |       |       |     1 |       |       |       |       ||     1
       Torment           |       |       |       |       |       |       |     5 |       |       ||     5
 Abil: Evoke Flight      |       |       |       |       |       |     2 |     5 |       |       ||     7
       Evoke Invisibilit |       |       |       |       |       |     1 |       |       |       ||     1
Evoke: Wand              |       |       |       |     7 |     4 |    15 |    22 |     4 |    48 ||   100
       Lamp of fire      |       |       |       |       |       |     2 |     1 |     5 |     8 ||    16
       Lightning rod     |       |       |       |       |       |       |       |    12 |     9 ||    21
       Sack of spiders   |       |       |       |       |       |       |       |       |     1 ||     1
  Use: Potion            |       |     1 |     1 |     1 |     1 |       |     2 |       |    17 ||    23
       Scroll            |       |       |     3 |     6 |    19 |     9 |    14 |    11 |    72 ||   134
 Stab: Held in net/web   |       |       |       |     1 |       |     1 |       |     1 |     2 ||     5
       Invisible         |       |       |       |       |       |     2 |       |       |       ||     2
       Petrified         |       |       |       |       |       |       |     3 |       |       ||     3
       Distracted        |       |       |       |       |       |       |       |       |    30 ||    30
       Paralysed         |       |       |       |       |       |       |       |       |    15 ||    15
       Confused          |       |       |       |       |       |       |       |       |     1 ||     1
  Eat: Chunk             |    11 |    11 |    43 |    67 |   131 |   154 |   158 |   122 |   617 ||  1314
Armor: Scale mail        |    60 |    35 |       |       |       |       |       |       |       ||    95
       Chain mail        |       |    50 |   126 |     8 |       |       |       |       |       ||   184
       Plate armour      |       |       |       |    57 |       |       |       |       |   150 ||   207
       Crystal plate arm |       |       |       |   211 |   654 |   546 |   695 |   334 |   232 ||  2672
       Fire dragon scale |       |       |       |       |     4 |       |       |       |       ||     4
       Gold dragon scale |       |       |       |       |       |       |       |       |  2543 ||  2543
Dodge: Dodged            |    46 |    50 |    51 |    98 |   511 |   341 |   397 |   252 |  3555 ||  5301
       Deflected         |       |       |       |       |       |    51 |    62 |    42 |   131 ||   286
Block: Shield            |    70 |    71 |   148 |   395 |  1084 |  1179 |  1254 |   834 |  7514 || 12549
       Reflection        |       |       |     1 |     4 |    43 |   160 |   124 |    80 |   113 ||   525
       Large shield      |       |       |       |       |       |       |       |       |   550 ||   550

Table legend:
 A = Non-vault XP
 B = Vault XP
 C = Vault XP percentage of total XP
 D = Non-vault monster count
 E = Vault monster count
 F = Vault count percentage of total count
                 A         B        C        D         E       F
            +---------+---------+-------+---------+---------+-------
      Total | 1804335 | 2043227 |  53.1 |    3069 |    1771 |  36.6
            +---------+---------+-------+---------+---------+-------
        D:1 |      33 |       0 |   0.0 |      20 |       0 |   0.0
        D:2 |      61 |      42 |  40.8 |      19 |       1 |   5.0
        D:3 |      77 |       0 |   0.0 |      30 |       0 |   0.0
        D:4 |     508 |       0 |   0.0 |      24 |       0 |   0.0
        D:5 |     860 |     649 |  43.0 |      21 |       3 |  12.5
        D:6 |    1940 |       0 |   0.0 |      48 |       0 |   0.0
        D:7 |     280 |    1529 |  84.5 |       4 |       5 |  55.6
        D:8 |    2504 |      27 |   1.1 |      30 |       6 |  16.7
        D:9 |    3249 |     480 |  12.9 |      36 |       1 |   2.7
       D:10 |     707 |    1683 |  70.4 |      16 |       3 |  15.8
       D:11 |    4689 |    1175 |  20.0 |      30 |       7 |  18.9
       D:12 |    5988 |    7312 |  55.0 |      38 |      21 |  35.6
       D:13 |    6656 |     582 |   8.0 |      18 |       3 |  14.3
       D:14 |    7716 |    8048 |  51.1 |      36 |      31 |  46.3
       D:15 |    7862 |    2431 |  23.6 |      20 |       3 |  13.0
     Lair:1 |    3968 |    2378 |  37.5 |      20 |       5 |  20.0
     Lair:2 |    1648 |    1083 |  39.7 |       5 |       2 |  28.6
     Lair:3 |    4610 |    1738 |  27.4 |      20 |       9 |  31.0
     Lair:4 |    4072 |     812 |  16.6 |      15 |       1 |   6.2
     Lair:5 |   11969 |       0 |   0.0 |      45 |       0 |   0.0
     Lair:6 |   17201 |    9810 |  36.3 |      54 |      24 |  30.8
   Shoals:1 |   17793 |       0 |   0.0 |      36 |       0 |   0.0
   Shoals:2 |   10698 |       0 |   0.0 |      18 |       0 |   0.0
   Shoals:3 |   21548 |   12869 |  37.4 |      38 |      15 |  28.3
   Shoals:4 |   11620 |   28897 |  71.3 |      28 |      36 |  56.2
    Snake:1 |   13426 |       0 |   0.0 |      28 |       0 |   0.0
    Snake:2 |   22564 |    1871 |   7.7 |      40 |       1 |   2.4
    Snake:3 |   12262 |    6531 |  34.8 |      25 |      12 |  32.4
    Snake:4 |   29473 |   36552 |  55.4 |      58 |      49 |  45.8
    Slime:1 |   14034 |       0 |   0.0 |      26 |       0 |   0.0
    Slime:2 |   29958 |       0 |   0.0 |      51 |       0 |   0.0
    Slime:3 |    9947 |       0 |   0.0 |      13 |       0 |   0.0
    Slime:4 |   24332 |       0 |   0.0 |      48 |       0 |   0.0
    Slime:5 |   15083 |   34405 |  69.5 |      24 |      14 |  36.8
      Orc:1 |    3252 |     419 |  11.4 |      23 |       2 |   8.0
      Orc:2 |    4874 |   22533 |  82.2 |      52 |      51 |  49.5
      Elf:1 |   20042 |   12161 |  37.8 |      28 |      19 |  40.4
      Elf:2 |   15097 |   26974 |  64.1 |      28 |      33 |  54.1
      Elf:3 |   16059 |   49273 |  75.4 |      28 |      35 |  55.6
   Vaults:1 |   27776 |   35725 |  56.3 |      48 |      47 |  49.5
   Vaults:2 |   31018 |   24662 |  44.3 |      64 |      37 |  36.6
   Vaults:3 |   17676 |   27335 |  60.7 |      26 |      37 |  58.7
   Vaults:4 |   21405 |   24721 |  53.6 |      29 |      23 |  44.2
   Vaults:5 |   40136 |  129803 |  76.4 |      50 |      82 |  62.1
    Crypt:1 |   17767 |    2419 |  12.0 |      33 |       2 |   5.7
    Crypt:2 |    6540 |       0 |   0.0 |      12 |       0 |   0.0
    Crypt:3 |   11415 |   55849 |  83.0 |      19 |      51 |  72.9
     Tomb:1 |    5632 |  116340 |  95.4 |      15 |      64 |  81.0
     Tomb:2 |    6085 |   48705 |  88.9 |      18 |      33 |  64.7
     Tomb:3 |   13399 |  112636 |  89.4 |      32 |      73 |  69.5
   Depths:1 |   36022 |    7575 |  17.4 |      48 |      17 |  26.2
   Depths:2 |   49696 |   11900 |  19.3 |      61 |      10 |  14.1
   Depths:3 |   43188 |   15989 |  27.0 |      50 |      25 |  33.3
   Depths:4 |   74798 |   99997 |  57.2 |      82 |      96 |  53.9
   Depths:5 |   34055 |   48152 |  58.6 |      32 |      35 |  52.2
       Hell |    5231 |   22291 |  81.0 |       7 |      36 |  83.7
      Dis:1 |    4531 |       0 |   0.0 |       4 |       0 |   0.0
      Dis:2 |    5177 |       0 |   0.0 |      10 |       0 |   0.0
      Dis:3 |    9482 |       0 |   0.0 |      23 |       0 |   0.0
      Dis:4 |   19445 |   20708 |  51.6 |      41 |      38 |  48.1
      Dis:5 |   16969 |       0 |   0.0 |      25 |       0 |   0.0
      Dis:6 |   16905 |       0 |   0.0 |      20 |       0 |   0.0
      Dis:7 |   50149 |  101289 |  66.9 |      67 |      76 |  53.1
      Geh:1 |   14231 |       0 |   0.0 |      29 |       0 |   0.0
      Geh:2 |   29035 |    1796 |   5.8 |      58 |       3 |   4.9
      Geh:3 |   33500 |       0 |   0.0 |      54 |       0 |   0.0
      Geh:4 |   12669 |    5599 |  30.6 |      23 |       8 |  25.8
      Geh:5 |       0 |     473 | 100.0 |       0 |       1 | 100.0
      Geh:6 |   22143 |       0 |   0.0 |      49 |       0 |   0.0
      Geh:7 |   34978 |  101887 |  74.4 |      84 |      78 |  48.1
      Coc:1 |   16473 |       0 |   0.0 |      32 |       0 |   0.0
      Coc:2 |   20261 |       0 |   0.0 |      31 |       0 |   0.0
      Coc:3 |    6566 |       0 |   0.0 |      21 |       0 |   0.0
      Coc:4 |     807 |       0 |   0.0 |       3 |       0 |   0.0
      Coc:5 |   17923 |       0 |   0.0 |      29 |       0 |   0.0
      Coc:6 |     132 |       0 |   0.0 |       1 |       0 |   0.0
      Coc:7 |   31271 |   69582 |  69.0 |      49 |      31 |  38.8
      Tar:1 |   20075 |       0 |   0.0 |      35 |       0 |   0.0
      Tar:2 |    2862 |       0 |   0.0 |       3 |       0 |   0.0
      Tar:3 |    5512 |       0 |   0.0 |      14 |       0 |   0.0
      Tar:4 |    1221 |       0 |   0.0 |       5 |       0 |   0.0
      Tar:5 |    1786 |       0 |   0.0 |       2 |       0 |   0.0
      Tar:6 |    1540 |       0 |   0.0 |       3 |       0 |   0.0
      Tar:7 |   52351 |  113422 |  68.4 |      63 |      79 |  55.6
      Zot:1 |   77779 |       0 |   0.0 |      45 |       0 |   0.0
      Zot:2 |   72201 |    3930 |   5.2 |      48 |       2 |   4.0
      Zot:3 |   36268 |   50148 |  58.0 |      24 |      31 |  56.4
      Zot:4 |   75615 |    4458 |   5.6 |      47 |       1 |   2.1
      Zot:5 |   27102 |  187955 |  87.4 |      17 |      41 |  70.7
    Abyss:1 |   10176 |    2932 |  22.4 |      15 |       1 |   6.2
    Abyss:2 |   20272 |       0 |   0.0 |      42 |       0 |   0.0
    Abyss:3 |   48211 |       0 |   0.0 |      93 |       0 |   0.0
    Abyss:4 |    2546 |       0 |   0.0 |       4 |       0 |   0.0
    Abyss:5 |   10898 |    7936 |  42.1 |      20 |      11 |  35.5
        Pan |  154774 |  251479 |  61.9 |     169 |     159 |  48.5
        Lab |       0 |    1328 | 100.0 |       0 |       3 | 100.0
     Bailey |       0 |    1325 | 100.0 |       0 |      26 | 100.0
      IceCv |       0 |   11293 | 100.0 |       0 |      32 | 100.0
 Desolation |       0 |   49324 | 100.0 |       0 |      90 | 100.0
            +---------+---------+-------+---------+---------+-------
